 Dungeon Crawl Stone Soup version 0.28.0-53-g5a82cb258f (webtiles) character file.

Game seed: 8932060785693166556

377 styxcanada the Covert (level 6, -7/32 HPs)
             Began as a Spriggan Brigand on Aug 12, 2022.
             Mangled by a gnoll
             ... wielding a +0 flail
              (10 damage)
             ... on level 4 of the Dungeon.
             The game lasted 00:12:33 (4558 turns).

styxcanada the Covert (Spriggan Brigand)            Turns: 4558, Time: 00:12:33

Health: -7/32      AC:  3    Str:  7    XL:     6   Next: 45%
Magic:  7/7        EV: 19    Int: 12    God:
Gold:   140        SH:  0    Dex: 25    Spells: 5/5 levels left

rFire   + . .      SeeInvis +   i - +2 short sword (venom)
rCold   . . .      Faith    .   (no shield)
rNeg    . . .      Spirit   .   b - +0 robe
rPois   .          Reflect  .   (helmet restricted)
rElec   .          Harm     .   c - +0 cloak
rCorr   .          Rampage  .   (gloves unavailable)
Will    +....                   (boots unavailable)
Stlth   +++++.....              (no amulet)
HPRegen 0.10/turn               n - ring of protection from fire
MPRegen 0.10/turn               l - +6 ring of dexterity

@: very quick
A: very small, no large weapons, unfitting armour, see invisible, speed 3
a: no special abilities


You were on level 4 of the Dungeon.
You visited 1 branch of the dungeon, and saw 4 of its levels.

You collected 140 gold pieces.

Inventory:

Hand Weapons
 a - a +2 dagger
 g - a +0 hunting sling
 i - a +2 short sword of venom (weapon)
 o - a +0 hunting sling of flaming
Missiles
 d - 11 poisoned darts (quivered)
 e - 2 curare-tipped darts
 p - 59 stones
Armour
 b - a +0 robe (worn)
 c - a +0 cloak (worn)
Magical Staves
 k - a staff of fire
Jewellery
 l - a +6 ring of dexterity (right hand)
 n - a ring of protection from fire (left hand)
Scrolls
 f - a scroll of teleportation
Potions
 h - 2 potions of haste {unknown}
 j - a potion of brilliance
 q - 2 potions of curing
 t - a potion of flight {unknown}
 u - a potion of heal wounds {unknown}


   Skills:
 * Level 2.6 Fighting
 + Level 3.1 Short Blades
 + Level 2.3(3.0) Slings
 + Level 2.4(2.8) Throwing
 * Level 3.5 Dodging
 * Level 9.0 Stealth


You had 5 spell levels left.
You didn't know any spells.
Your spell library contained the following spells:

 Spells                   Type           Power      Damage    Failure   Level
 Animate Skeleton         Necr           0%         N/A       32%         1
 Pain                     Necr           0%         1d4       32%         1
 Vampiric Draining        Necr           0%         2d6       69%         3


Dungeon Overview and Level Annotations

Branches:
Dungeon (4/15)
 Temple: D:4-7

Altars:

Shops:
D:2 :


Innate Abilities, Weirdness & Mutations

You are very small and have problems with some larger weapons.
You are too small for most types of armour.
You have supernaturally acute eyesight. (SInv)
You cover ground extremely quickly. (Speed+++)


Message History

You kill the hound!
Your Stealth skill increases to level 9!
You start resting.
HP restored.
A gnoll, a dart slug and a ball python come into view.
A gnoll comes into view. It is wielding a +0 flail.
You see here a +6 ring of dexterity.
l - a +6 ring of dexterity You feel agile.
l - a +6 ring of dexterity (right hand)
A gnoll comes into view. It is wielding a +0 flail.
The gnoll shouts!
A gnoll comes into view. It is wielding a +0 spear.
The gnoll shouts! x3
You hit the dart slug.
The dart slug is poisoned.
The dart slug is heavily wounded.
The dart slug bites you.
You hit the dart slug.
The dart slug looks as sick as possible!
The dart slug is almost dead.
You kill the dart slug!
You barely miss the ball python. The ball python closely misses you.
The ball python barely misses you.
You completely miss the ball python. The ball python misses you.
The ball python barely misses you. The gnoll completely misses you.
The gnoll hits you with a +0 flail! The gnoll completely misses you.
The ball python completely misses you. The ball python closely misses you.
You closely miss the gnoll. The gnoll misses you.
The ball python completely misses you. The ball python misses you.
The gnoll barely misses you. The gnoll misses you. x2
You barely miss the gnoll. The gnoll misses you.
The ball python closely misses you. x2; The gnoll closely misses you.
The gnoll hits you with a +0 flail! The gnoll hits you with a +0 flail.
You barely miss the gnoll.
The gnoll hits you from afar with a +0 spear!
* * * LOW HITPOINT WARNING * * *
The ball python barely misses you. x2; The gnoll closely misses you.
The gnoll hits you with a +0 flail!
You die...

#. #.## ## ...#
.#.. #.. .....
..## .....###.###
...........###
.....g...#...##
......g@g#....##
......gS.#..#..#
............#.###
................#
.###.......#..###
#........#..#
.......#....##
.......######...##
....... #####...##


You could see 4 gnolls and a ball python.

Vanquished Creatures
  A phantom (D:3)
  A bullfrog (D:3)
  A hound (D:4)
  Natasha (thrice) (D:2)
  Robin (D:3)
  4 adders
  2 worms
  3 dart slugs
  An orc (D:3)
  3 bats
  4 endoplasms
  2 giant cockroaches
  9 hobgoblins
  2 jackals (D:3)
  8 kobolds
  3 quokkas
  7 ball pythons
  4 frilled lizards
  12 goblins
  4 rats
75 creatures vanquished.

Notes
Turn   | Place    | Note
-------+----------+-------------------------------------------
     0 | D:1      | styxcanada the Spriggan Brigand began the quest for the
                  | Orb.
     0 | D:1      | Reached XP level 1. HP: 10/10 MP: 2/2
    77 | D:1      | Reached skill level 6 in Stealth
   308 | D:1      | Reached XP level 2. HP: 14/14 MP: 3/3
   903 | D:2      | Found Keamor's Book Shoppe.
   968 | D:2      | Reached skill level 7 in Stealth
  1111 | D:2      | Noticed Natasha
  1120 | D:2      | Killed Natasha
  1121 | D:2      | Reached XP level 3. HP: 10/18 MP: 4/4
  1247 | D:2      | Noticed Natasha
  1262 | D:2      | Killed Natasha
  1263 | D:2      | Reached skill level 8 in Stealth
  1263 | D:2      | Reached XP level 4. HP: 15/23 MP: 5/5
  2364 | D:2      | Noticed Natasha
  2374 | D:2      | Killed Natasha
  2833 | D:3      | Noticed a phantom
  2972 | D:3      | Killed a phantom
  2973 | D:3      | Reached skill level 1 in Slings
  2973 | D:3      | Reached XP level 5. HP: 11/27 MP: 6/6
  3700 | D:3      | Noticed Robin
  3756 | D:3      | Killed Robin
  3885 | D:3      | Reached XP level 6. HP: 23/32 MP: 7/7
  4491 | D:4      | Reached skill level 9 in Stealth
  4558 | D:4      | Mangled by a gnoll

Illustrated notes

Levels and vault maps discovered:
D:1:      minmay_arrival_four_loops, layout_basic, minmay_pentomino_v4
D:2:      layout_loops_corners, serial_shops, shop, kennysheep_big_empty_room,
          chequers_serial_rivers_room_a, kennysheep_generic_room_5, uniq_natasha
D:3:      layout_basic, uniq_robin
D:4:      layout_cave_pools, minmay_temple_entry_glassed_door

Skill      XL: |  1  2  3  4  5  6 |
---------------+-------------------+-----
Stealth        | 6 7 8 9 |  9.0
Dodging        | 2 3 |  3.5
Fighting       | 2 |  2.6
Slings         | 1 2 |  2.3
Short Blades   | 3 |  3.1
Throwing       | |  2.4

Action                   |  1- 3 |  4- 6 || total
-------------------------+-------+-------++-------
Melee: Dagger            |    33 |       ||    33
       Short sword       |    29 |   152 ||   181
       Punch             |       |     1 ||     1
 Fire: Hunting sling     |       |    28 ||    28
Throw: Dart              |     3 |    18 ||    21
  Use: Scroll            |       |     9 ||     9
 Stab: Sleeping          |     8 |    11 ||    19
Armor: Robe              |    11 |     9 ||    20
Dodge: Dodged            |    42 |   123 ||   165
